 Dungeon Crawl Stone Soup version 0.28-a0-1555-g9ae15a6949 (webtiles) character file.

Game seed: 10742866767598035479

11 knot the Chopper (level 2, 27/36 HPs)
             Began as a Demonspawn Berserker on Jan 18, 2022.
             Was a Follower of Trog.
             Quit the game on level 1 of the Dungeon.
             The game lasted 00:00:12 (188 turns).

knot the Chopper (Demonspawn Berserker)              Turns: 188, Time: 00:00:12

Health: 27/36      AC:  2    Str: 17    XL:     2   Next: 13%
Magic:  2/2        EV: 12    Int:  8    God:    Trog [*.....]
Gold:   9          SH:  0    Dex: 12    Spells: 1/1 levels left

rFire   . . .      SeeInvis .   a - +0 hand axe
rCold   . . .      Faith    .   (no shield)
rNeg    . . .      Spirit   .   b - +0 animal skin
rPois   .          Reflect  .   (no helmet)
rElec   .          Harm     .   (no cloak)
rCorr   .          Rampage  .   (no gloves)
Will    .....                   (no boots)
Stlth   ..........              (no amulet)
HPRegen 0.12/turn               (no ring)
MPRegen 0.08/turn               (no ring)

@: berserking, very quick
A: ignite blood 1
a: Renounce Religion, Berserk


You were on level 1 of the Dungeon.
You worshipped Trog.
Trog was aware of your devotion.
You visited 1 branch of the dungeon, and saw 1 of its levels.

You collected 9 gold pieces.

Inventory:

Hand Weapons
 a - a +0 hand axe (weapon)
Missiles
 d - 3 atropa-tipped darts (quivered)
Armour
 b - a +0 animal skin (worn)
Potions
 c - 2 potions of lignification {unknown}


   Skills:
 - Level 3.0 Fighting
 + Level 3.3 Axes
 - Level 1.7 Armour
 - Level 1.7 Dodging


You had one spell level left.
You didn't know any spells.
Your spell library was empty.

Dungeon Overview and Level Annotations

Branches:
Dungeon (1/15)

Altars:


Innate Abilities, Weirdness & Mutations

Your demonic aura sometimes causes spilled blood to erupt in flames.


Message History

2 jackals come into view.
The jackal barks!
There are monsters nearby!
A jackal and a quokka come into view.
The jackal barks!
A hobgoblin comes into view.
A jackal comes into view.
The hobgoblin shouts!
You hit the jackal.
The jackal is severely wounded.
You hear a shout!
The jackal misses you. The jackal bites you.
You hit the jackal.
You kill the jackal!
Trog accepts your kill.
You closely miss the quokka.
The quokka twitches its whiskers.
The quokka bites you.
A red film seems to cover your vision as you go berserk!
You feel yourself moving faster!
You feel mighty! The quokka barely misses you.
You closely miss the quokka. You completely miss the jackal.
You slash the jackal!
You kill the jackal!
Trog accepts your kill. The jackal bites you. The quokka barely misses you.
You slash the quokka!
You kill the quokka!
Trog accepts your kill.
You slash the jackal!
You kill the jackal!
Trog accepts your kill.
A goblin comes into view. It is wielding a +0 dagger.
You have reached level 2!
Your demonic ancestry asserts itself...
Your blood heats up.
The goblin shouts!
You slash the hobgoblin!
You kill the hobgoblin!
Trog accepts your kill.
You completely miss the quokka. The quokka barely misses you.
Are you sure you want to abandon this character and quit the game? (Confirm with "yes".)

###..### ......
..... #.... .g.##
.# #... .# .. #hr#
.###.#
#†@###.....##
..###..##........
............#....
.............#
#.####..##...## #
#..##....#
#..##....##
#.........# ###+###
#..#......###.....#


You could see a quokka, a jackal and a goblin.

Vanquished Creatures
  A dart slug (D:1)
  A hobgoblin (D:1)
  3 jackals (D:1)
  A quokka (D:1)
  A frilled lizard (D:1)
  A rat (D:1)
8 creatures vanquished.

Notes
Turn   | Place    | Note
-------+----------+-------------------------------------------
     0 | D:1      | knot the Demonspawn Berserker began the quest for the Orb.
     0 | D:1      | Reached XP level 1. HP: 18/18 MP: 1/1
   187 | D:1      | Gained mutation: Your demonic aura sometimes causes spilled
                  | blood to erupt in flames. [demonic ancestry]
   187 | D:1      | Reached XP level 2. HP: 24/24 MP: 2/2
   188 | D:1      | Quit the game

Illustrated notes

Levels and vault maps discovered:
D:1:      onia_arrival_pentagram, layout_loops_ring,
          dreamdust_ecumenical_altar_statues, serial_park_tiny_2

Skill      XL: |  1 |
---------------+----+-----
Axes           | 3 |  3.3
Fighting       | |  3.0
Armour         | |  1.7
Dodging        | |  1.7

Action                   || total
-------------------------++-------
Melee: Hand axe          ||    16
Invok: Berserk           ||     1
Armor: Animal skin       ||     3
Dodge: Dodged            ||     8

Table legend: (Time is in decaauts)
 A = Elapsed time spent in this place.
 B = Non-inter-level travel time spent in this place.
 C = Inter-level travel time spent in this place.
 D = Time resting spent in this place.
 E = Time spent auto-exploring this place.
 F = Levels seen in this place.
 G = Mean time per level.
                   A        B        C        D        E       F      G
               +--------+--------+--------+--------+--------+-----+--------+
         Total |    189 |    189 |      0 |      0 |    150 |   1 |  189.0 |
       Dungeon |    189 |    189 |      0 |      0 |    150 |   1 |  189.0 |
               +--------+--------+--------+--------+--------+-----+--------+

Top non-repeatable levels by time:
     D:1: 189 daAuts
